3R
WATFORD CITY TRASH PANDAS @ NORTHWEST TERRITORY BEAVERS
06/02/2042
 
TOP OF THE 1ST
Watford City Trash Pandas batting - Pitching for Northwest Territory Beavers : RHP Jong-yun Chong
Pitching: RHP Jong-yun Chong
Batting: LHB Ed Cotton 0-0: Called Strike
0-1: Fly out, F8 (Flyball, 78S, EV 87.5 MPH)
Batting: LHB Don Hartman 0-0: Ball
1-0: Swinging Strike
1-1: Called Strike
1-2: Foul Ball, location: 2F
1-2: Ball
2-2: SINGLE (Groundball, 4D, EV 98.8 MPH)
Batting: LHB Manuel Alea 0-0: Fielders Choice at 2nd, 6-4 (Groundball, 6M, EV 103.1 MPH)
Batting: LHB Pedro Rey 0-0: Ball
1-0: Ball
2-0: Foul Ball, location: 2F
2-1: Ball
3-1: SINGLE (Line Drive, 7S, EV 105.0 MPH)
Manuel Alea to second
Batting: SHB Danny Adams 0-0: Called Strike
0-1: Ball
1-1: Ball
2-1: Swinging Strike
2-2: Foul Ball, location: 2F
2-2: Foul Ball, location: 2F
2-2: Ball
3-2: Foul Ball, location: 2F
3-2: Strikes out looking
Top of the 1st over - 0 runs, 2 hits, 0 errors, 2 left on base; Watford City 0 - Northwest Territory 0
BOTTOM OF THE 1ST
Northwest Territory Beavers batting - Pitching for Watford City Trash Pandas : LHP David Kelly
Pitching: LHP David Kelly
Batting: RHB Kenny Simmons 0-0: Ball
1-0: Bunt missed!
1-1: Ball
2-1: Foul Ball, location: 2F
2-2: Ball
3-2: Foul Ball, location: 2F
3-2: Strikes out swinging
Batting: RHB Rich Kelley 0-0: Ball
1-0: Foul Ball, location: 2F
1-1: Foul Ball, location: 2F
1-2: Ball
2-2: SINGLE (Groundball, 4MD, EV 110.6 MPH)
Batting: RHB Ming Wang 0-0: Ball
1-0: Called Strike
Rich Kelley steals 2nd base
1-1: Foul Ball, location: 2F
1-2: Ball
2-2: Fly out, F7 (Flyball, 7S, EV 84.4 MPH)
Batting: RHB Rodrigo Martínez 0-0: Ball
1-0: Fly out, F8 (Flyball, 8RXD, EV 94.4 MPH)
Bottom of the 1st over - 0 runs, 1 hit, 0 errors, 1 left on base; Watford City 0 - Northwest Territory 0
TOP OF THE 2ND
Watford City Trash Pandas batting - Pitching for Northwest Territory Beavers : RHP Jong-yun Chong
Batting: RHB Sung-jae Nam 0-0: SINGLE (Groundball, 4S, EV 75.0 MPH) (infield hit)
Batting: RHB Zier Weeteling 0-0: Ball
1-0: Called Strike
Sung-jae Nam is caught stealing 2nd base 2-4
1-1: Foul Ball, location: 2F
1-2: Strikes out swinging
Batting: LHB Francisco Gallardo 0-0: SINGLE (Groundball, 4D, EV 93.8 MPH)
Batting: RHB José Negrete 0-0: Called Strike
0-1: Foul Ball, location: 2F
0-2: Ball
1-2: Fly out, F8 (Flyball, 8RS, EV 90.6 MPH)
Top of the 2nd over - 0 runs, 2 hits, 0 errors, 1 left on base; Watford City 0 - Northwest Territory 0
BOTTOM OF THE 2ND
Northwest Territory Beavers batting - Pitching for Watford City Trash Pandas : LHP David Kelly
Batting: RHB Hyun-soo Yi 0-0: Foul Ball, location: 2F
0-1: DOUBLE (Flyball, 89D, EV 108.8 MPH)
Batting: RHB Ijsbert Reynoud 0-0: SINGLE (Groundball, 56D, EV 99.4 MPH)
Hyun-soo Yi to third
Runner from 3rd tries for Home, SAFE, no throw by LF
Batting: RHB John Warren 0-0: Ball
1-0: Foul Ball, location: 2F
1-1: Swinging Strike
1-2: Foul Ball, location: 2F
1-2: Foul Ball, location: 2F
1-2: Ball
2-2: DOUBLE (Line Drive, 9LM, EV 103.1 MPH)
Ijsbert Reynoud to third
Runner from 3rd tries for Home, SAFE, throw by RF to home
Batting: RHB Bartolo Cortéz 0-0: Ball
1-0: Called Strike
1-1: Ball
2-1: Ball
3-1: Called Strike
3-2: Strikes out swinging
Batting: RHB Ramón Moreno 0-0: Ball
1-0: Foul Ball, location: 2F
1-1: Hit by Pitch
Batting: RHB Kenny Simmons 0-0: Fielders Choice at 2nd, 4-6 (Groundball, 4, EV 77.5 MPH)
John Warren to third
Batting: RHB Rich Kelley 0-0: Ball
1-0: Foul Ball, location: 2F
1-1: Ball
2-1: Foul Ball, location: 2F
2-2: Foul Ball, location: 2F
2-2: Foul Ball, location: 2F
2-2: Foul Ball, location: 2F
2-2: Foul Ball, location: 2F
2-2: Foul Ball, location: 2F
2-2: Ball
3-2: DOUBLE (Line Drive, 78D, EV 109.4 MPH)
John Warren scores
Kenny Simmons to third
Kenny Simmons scores
Batting: RHB Ming Wang 0-0: Called Strike
0-1: Foul Ball, location: 2F
0-2: Ball
1-2: Ball
2-2: Ball
3-2: Foul Ball, location: 2F
3-2: Foul Ball, location: 2F
3-2: Fly out, F8 (Flyball, 8LD, EV 90.0 MPH)
Bottom of the 2nd over - 4 runs, 4 hits, 0 errors, 1 left on base; Watford City 0 - Northwest Territory 4
TOP OF THE 3RD
Watford City Trash Pandas batting - Pitching for Northwest Territory Beavers : RHP Jong-yun Chong
Batting: LHB Ed Cotton 0-0: Called Strike
0-1: Ball
1-1: Swinging Strike
1-2: Foul Ball, location: 2F
1-2: Ball
2-2: Strikes out swinging
Batting: LHB Don Hartman 0-0: Ball
1-0: Swinging Strike
1-1: Foul Ball, location: 2F
1-2: Foul Ball, location: 2F
1-2: Ball
2-2: SINGLE (Line Drive, 8RS, EV 93.1 MPH)
Batting: LHB Manuel Alea 0-0: Foul Ball, location: 2F
0-1: Ball
1-1: Fielders Choice at 2nd, 1-4 (Groundball, 15S, EV 68.8 MPH)
Batting: LHB Pedro Rey 0-0: Foul Ball, location: 2F
0-1: Ball
1-1: Ball
2-1: Foul Ball, location: 2F
2-2: Ball
3-2: Base on Balls
Manuel Alea to second
Batting: SHB Danny Adams 0-0: Ball
1-0: Called Strike
1-1: Foul Ball, location: 2F
1-2: 3-RUN HOME RUN (Flyball, 9D, EV 96.9 MPH), Distance : 387 ft
Batting: RHB Sung-jae Nam 0-0: Ball
1-0: Called Strike
1-1: Foul Ball, location: 2F
1-2: Fly out, F9 (Flyball, 9, EV 85.6 MPH)
Top of the 3rd over - 3 runs, 2 hits, 0 errors, 0 left on base; Watford City 3 - Northwest Territory 4
BOTTOM OF THE 3RD
Northwest Territory Beavers batting - Pitching for Watford City Trash Pandas : LHP David Kelly
Batting: RHB Rodrigo Martínez 0-0: Foul Ball, location: 2F
0-1: Ball
1-1: Swinging Strike
1-2: Ball
2-2: Strikes out swinging
Batting: RHB Hyun-soo Yi 0-0: Ground out 6-3 (Groundball, 6S, EV 90.6 MPH)
Batting: RHB Ijsbert Reynoud 0-0: Called Strike
0-1: Swinging Strike
0-2: Ball
1-2: Fly out, F8 (Line Drive, 8RD, EV 86.2 MPH)
Bottom of the 3rd over - 0 runs, 0 hits, 0 errors, 0 left on base; Watford City 3 - Northwest Territory 4
TOP OF THE 4TH
Watford City Trash Pandas batting - Pitching for Northwest Territory Beavers : RHP Jong-yun Chong
Batting: RHB Zier Weeteling 0-0: Swinging Strike
0-1: Ball
1-1: Called Strike
1-2: Strikes out looking
Batting: LHB Francisco Gallardo 0-0: Called Strike
0-1: Ball
1-1: Ground out U3 (Groundball, 3L, EV 107.5 MPH)
Batting: RHB José Negrete 0-0: Ball
1-0: Foul Ball, location: 2F
1-1: Foul Ball, location: 2F
1-2: Ground out 4-3 (Groundball, 4, EV 98.1 MPH)
Top of the 4th over - 0 runs, 0 hits, 0 errors, 0 left on base; Watford City 3 - Northwest Territory 4
BOTTOM OF THE 4TH
Northwest Territory Beavers batting - Pitching for Watford City Trash Pandas : LHP David Kelly
Batting: RHB John Warren 0-0: Foul Ball, location: 2F
0-1: Called Strike
0-2: SINGLE (Line Drive, 89S, EV 93.1 MPH)
Pitching: RHP Mike Gould
Batting: RHB Bartolo Cortéz 0-0: Fielders Choice at 2nd, 1-4 (Groundball, 15S, EV 73.1 MPH)
Batting: RHB Ramón Moreno 0-0: SINGLE (Line Drive, 9S, EV 102.5 MPH)
Bartolo Cortéz to second
Batting: RHB Kenny Simmons 0-0: Foul Ball, location: 2F
0-1: Foul Ball, location: 2F
0-2: Strikes out swinging
Batting: RHB Rich Kelley 0-0: Swinging Strike
0-1: Ball
1-1: Foul Ball, location: 2F
1-2: Foul Ball, location: 2F
1-2: Ball
2-2: Ball
3-2: Ground out 4-3 (Groundball, 4, EV 100.0 MPH)
Bottom of the 4th over - 0 runs, 2 hits, 0 errors, 2 left on base; Watford City 3 - Northwest Territory 4
TOP OF THE 5TH
Watford City Trash Pandas batting - Pitching for Northwest Territory Beavers : RHP Jong-yun Chong
Batting: LHB Ed Cotton 0-0: Foul Ball, location: 2F
0-1: Ground out 1-3 (Groundball, 34S, EV 60.6 MPH)
Batting: LHB Don Hartman 0-0: Ball
1-0: Foul Ball, location: 2F
1-1: Foul Ball, location: 2F
1-2: Foul Ball, location: 2F
1-2: Strikes out swinging
Pitching: RHP Pedro Cuenca
Batting: LHB Manuel Alea 0-0: Called Strike
0-1: Ball
1-1: Foul Ball, location: 2F
1-2: Foul Ball, location: 2F
1-2: SINGLE (Line Drive, 9S, EV 91.9 MPH)
Batting: LHB Pedro Rey 0-0: Ball
1-0: Ball
2-0: Ball
3-0: Called Strike
3-1: Foul Ball, location: 2F
3-2: Base on Balls
Manuel Alea to second
Batting: SHB Danny Adams 0-0: Swinging Strike
0-1: Ball
1-1: Ball
2-1: Ball
3-1: Base on Balls
Manuel Alea to third
Pedro Rey to second
Batting: RHB Sung-jae Nam 0-0: SINGLE (Flyball, 89S, EV 91.2 MPH)
Manuel Alea scores
Pedro Rey to third
Danny Adams to second
Runner from 3rd tries for Home, SAFE, no throw by CF
Batting: RHB Zier Weeteling 0-0: Ball
1-0: Called Strike
1-1: Called Strike
1-2: Fielders Choice at 2nd, 5-4 (Groundball, 5, EV 83.8 MPH)
Top of the 5th over - 2 runs, 2 hits, 0 errors, 2 left on base; Watford City 5 - Northwest Territory 4
BOTTOM OF THE 5TH
Northwest Territory Beavers batting - Pitching for Watford City Trash Pandas : RHP Mike Gould
Batting: RHB Ming Wang 0-0: Ball
1-0: Ball
2-0: Called Strike
2-1: Ball
3-1: Called Strike
3-2: Base on Balls
Batting: RHB Rodrigo Martínez 0-0: Ball
1-0: Ball
2-0: Foul Ball, location: 2F
2-1: Foul Ball, location: 2F
2-2: Fly out, F9 (Flyball, 89M, EV 95.6 MPH)
Batting: RHB Hyun-soo Yi 0-0: Called Strike
0-1: Ball
1-1: Swinging Strike
1-2: Ball
2-2: Foul Ball, location: 2F
2-2: Ball
3-2: Fielders Choice at 2nd, 5-4 (Groundball, 56S, EV 86.2 MPH)
Batting: RHB Ijsbert Reynoud 0-0: Ball
1-0: Ball
2-0: Ball
3-0: Called Strike
3-1: Ground out 4-3 (Groundball, 34, EV 90.0 MPH)
Bottom of the 5th over - 0 runs, 0 hits, 0 errors, 1 left on base; Watford City 5 - Northwest Territory 4
TOP OF THE 6TH
Watford City Trash Pandas batting - Pitching for Northwest Territory Beavers : RHP Pedro Cuenca
Batting: LHB Francisco Gallardo 0-0: Ball
1-0: Ball
2-0: Foul Ball, location: 2F
2-1: Ground out 1-3 (Groundball, 34S, EV 86.2 MPH)
Batting: RHB José Negrete 0-0: Called Strike
0-1: Foul Ball, location: 2F
0-2: Foul Ball, location: 2F
0-2: Strikes out swinging
Batting: LHB Ed Cotton 0-0: Ground out 5-3 (Groundball, 56, EV 105.6 MPH)
Top of the 6th over - 0 runs, 0 hits, 0 errors, 0 left on base; Watford City 5 - Northwest Territory 4
BOTTOM OF THE 6TH
Northwest Territory Beavers batting - Pitching for Watford City Trash Pandas : RHP Mike Gould
Batting: RHB John Warren 0-0: Ball
1-0: Ball
2-0: Called Strike
2-1: Called Strike
2-2: Ball
3-2: Strikes out swinging
Batting: RHB Bartolo Cortéz 0-0: Called Strike
0-1: Foul Ball, location: 2F
0-2: Ball
1-2: Ground out 5-3 (Groundball, 56, EV 76.9 MPH)
Batting: RHB Ramón Moreno 0-0: Ground out 5-3 (Groundball, 5S, EV 81.2 MPH)
Bottom of the 6th over - 0 runs, 0 hits, 0 errors, 0 left on base; Watford City 5 - Northwest Territory 4
TOP OF THE 7TH
Watford City Trash Pandas batting - Pitching for Northwest Territory Beavers : RHP Pedro Cuenca
Batting: LHB Don Hartman 0-0: Ball
1-0: DOUBLE (Line Drive, 78D, EV 108.1 MPH)
Batting: LHB Manuel Alea 0-0: Ball
1-0: Swinging Strike
1-1: Called Strike
1-2: Strikes out looking
Batting: LHB Pedro Rey 0-0: Foul Ball, location: 2F
0-1: Swinging Strike
0-2: Ball
1-2: Strikes out swinging
Batting: SHB Danny Adams 0-0: Swinging Strike
0-1: Ball
1-1: Foul Ball, location: 2F
1-2: Strikes out swinging
Top of the 7th over - 0 runs, 1 hit, 0 errors, 1 left on base; Watford City 5 - Northwest Territory 4
BOTTOM OF THE 7TH
Northwest Territory Beavers batting - Pitching for Watford City Trash Pandas : RHP Mike Gould
Now in CF: Lee Carlson
Batting: RHB Kenny Simmons 0-0: Called Strike
0-1: Foul Ball, location: 2F
0-2: Ball
1-2: Ball
2-2: SINGLE (Groundball, 56, EV 99.4 MPH)
Pitching: RHP Edgardo López
Batting: RHB Rich Kelley 0-0: Sac Bunt to 15S - play at first, batter OUT! 1-4
Kenny Simmons to second
Batting: RHB Ming Wang 0-0: Ball
1-0: DOUBLE (Line Drive, 5D, EV 102.5 MPH)
Kenny Simmons scores
Batting: RHB Rodrigo Martínez 0-0: Intentional Walk
Batting: RHB Hyun-soo Yi 0-0: Called Strike
0-1: SINGLE (Groundball, 56D, EV 100.6 MPH)
Ming Wang to third
Rodrigo Martínez to second
Runner from 3rd tries for Home, SAFE, no throw by LF
Batting: RHB Ijsbert Reynoud 0-0: Foul Ball, location: 2F
0-1: DOUBLE (Line Drive, 7LM, EV 102.5 MPH)
Rodrigo Martínez scores
Hyun-soo Yi to third
Runner from 3rd tries for Home, SAFE, no throw by LF
Pitching: RHP Iván Molina
Batting: RHB John Warren 0-0: 2-RUN HOME RUN (Flyball, 9D, EV 101.9 MPH), Distance : 385 ft
Batting: RHB Bartolo Cortéz 0-0: Ball
1-0: Ground out 6-3 (Groundball, 6, EV 84.4 MPH)
Batting: RHB Ramón Moreno 0-0: Fly out, F7 (Flyball, 7, EV 91.2 MPH)
Bottom of the 7th over - 6 runs, 5 hits, 0 errors, 0 left on base; Watford City 5 - Northwest Territory 10
TOP OF THE 8TH
Watford City Trash Pandas batting - Pitching for Northwest Territory Beavers : RHP Pedro Cuenca
Batting: RHB Sung-jae Nam 0-0: Called Strike
0-1: Foul Ball, location: 2F
0-2: Ball
1-2: Strikes out looking
Batting: RHB Zier Weeteling 0-0: Ball
1-0: Swinging Strike
1-1: Ground out 6-3 (Groundball, 6, EV 90.0 MPH)
Batting: LHB Francisco Gallardo 0-0: Foul Ball, location: 2F
0-1: Ball
1-1: Swinging Strike
1-2: Foul Ball, location: 2F
1-2: Strikes out swinging
Top of the 8th over - 0 runs, 0 hits, 0 errors, 0 left on base; Watford City 5 - Northwest Territory 10
BOTTOM OF THE 8TH
Northwest Territory Beavers batting - Pitching for Watford City Trash Pandas : RHP Iván Molina
Batting: RHB Kenny Simmons 0-0: Called Strike
0-1: Ball
1-1: Called Strike
1-2: Strikes out swinging
Batting: RHB Rich Kelley 0-0: Ball
1-0: Fly out, F4 (Popup, 4D, EV 66.9 MPH)
Batting: RHB Ming Wang 0-0: Foul Ball, location: 2F
0-1: Ball
1-1: Ball
2-1: Swinging Strike
2-2: Foul Ball, location: 2F
2-2: Strikes out swinging
Bottom of the 8th over - 0 runs, 0 hits, 0 errors, 0 left on base; Watford City 5 - Northwest Territory 10
TOP OF THE 9TH
Watford City Trash Pandas batting - Pitching for Northwest Territory Beavers : RHP Pedro Cuenca
Batting: RHB José Negrete 0-0: Ball
1-0: Ground out 1-3 (Groundball, 34S, EV 85.6 MPH)
Batting: LHB Ed Cotton 0-0: Called Strike
0-1: Ball
1-1: Foul Ball, location: 2F
1-2: Ball
2-2: Ball
3-2: Strikes out looking
Batting: LHB Don Hartman 0-0: Ball
1-0: Swinging Strike
1-1: Foul Ball, location: 2F
1-2: Strikes out swinging
Top of the 9th over - 0 runs, 0 hits, 0 errors, 0 left on base; Watford City 5 - Northwest Territory 10
Friday, March 26th, 2021 - OOTP Baseball 20.8 Build 74